 Dungeon Crawl Stone Soup version 0.31.0-11-ge490571c62 (webtiles) character file.

Game seed: 13522934708487889590

533410 freelancePsychic the Skinwalker (level 22, -10/193 HPs)
             Began as a Demigod Hunter on Jan 25, 2024.
             Killed by the air
             ... invoked by a blizzard demon
              (25 damage)
             ... in Pandemonium on Jan 26, 2024.
             The game lasted 01:37:33 (45670 turns).

freelancePsychic the Skinwalker (Demigod Hunter)   Turns: 45670, Time: 01:37:33

Health: -10/193    AC: 15    Str: 19    XL:     22   Next: 42%
Magic:  26/26      EV: 45    Int: 10    God:
Gold:   2551       SH: 15    Dex: 60    Spells: 21/21 levels left

rFire   + + .        K - +9 hand cannon (flame)
rCold   + + .        j - +3 buckler
rNeg    + + +        B - +3 ring mail {rF+}
rPois   ∞            O - +1 helmet "Goesip Suxo" {Dex+5}
rElec   +            m - +2 cloak {rPois}
rCorr   .            L - +3 pair of gauntlets of War {Slay+5}
SInv    .            M - +1 pair of boots of Resonance {Int+7 Stlth-}
Will    +++..        h - amulet of Noezxan {RegenMP Regen+ Str+8 Int-3}
Stlth   ++++         I - ring "Gosidoti" {rElec rF+ rC+ rN++ Int-4}
HPRegen 1.32/turn    s - +6 ring of dexterity
MPRegen 0.60/turn

%: no passive effects
@: death-form, magic-sapped, corroded, studying 3 skills
A: vile attack, torment immunity, no potions, high MP 1, forlorn, divine
attributes, talons 1, agile 1, MP-powered wands
}: 5/15 runes: decaying, slimy, abyssal, demonic, gossamer
a: Siphon Essence, Begin Untransformation


You were in Pandemonium.
You were an undying horror.
You visited 9 branches of the dungeon, and saw 45 of its levels.
You visited Pandemonium 1 time, and saw 4 of its levels.
You visited the Abyss 2 times.
You visited 1 bazaar.
You also visited: Ossuary, Ice Cave and Desolation.

You collected 6081 gold pieces.
You spent 3530 gold pieces at shops.

Inventory:

Hand Weapons
 K - a +9 hand cannon of flaming (weapon)
Missiles
 w - 3 throwing nets
Armour
 j - a +3 buckler (worn)
 m - a +2 cloak of poison resistance (worn)
 q - the +6 ring mail "Amurite" {^Contam Rampage Regen+}
   (You found it on level 4 of the Spider Nest)

   ^Contam:   It causes magical contamination when unequipped.
   Regen+:    It increases your rate of health regeneration.
   Rampage:   It bestows one free step when moving towards enemies.
 B - a +3 ring mail of fire resistance (worn)
 L - the +3 pair of gauntlets of War (worn) {Slay+5}
   (You found it in an ice cave)

   Slay+5:    It affects your accuracy & damage with ranged weapons and melee
   (+5).
 M - the +1 pair of boots of Resonance (worn) {Int+7 Stlth-}
   (You acquired it on level 3 of the Elven Halls)

   Int+7:     It affects your intelligence (+7).
   Stlth-:    It makes you less stealthy.
 O - the +1 helmet "Goesip Suxo" (worn) {Dex+5}
   (You acquired it on level 2 of the Orcish Mines)

   Dex+5:     It affects your dexterity (+5).
Jewellery
 h - the amulet of Noezxan (around neck) {RegenMP Regen+ Str+8 Int-3}
   (You found it in an ice cave)

   [amulet of magic regeneration]

   RegenMP:   It increases your rate of magic regeneration.
   Str+8:     It affects your strength (+8).
   Int-3:     It affects your intelligence (-3).
   Regen+:    It increases your rate of health regeneration.
 s - a +6 ring of dexterity (right hand)
 I - the ring "Gosidoti" (left hand) {rElec rF+ rC+ rN++ Int-4}
   (You found it in the Desolation of Salt)

   [ring of protection from fire]

   Int-4:     It affects your intelligence (-4).
   rF+:       It protects you from fire.
   rC+:       It protects you from cold.
   rElec:     It insulates you from electricity.
   rN++:      It greatly protects you from negative energy.
 W - the ring of the Mage {Wiz Archmagi}
   (You found it in the Desolation of Salt)

   [ring of wizardry]

   Wiz:       It improves your spell success rate.
   Archmagi:  It increases the power of your magical spells.
Talismans
 N - a talisman of death (active)
Wands
 a - a wand of digging (33)
 y - a wand of charming (20)
 H - a wand of flame (47)
 J - a wand of mindburst (31)
 P - a wand of iceblast (18)
 V - a wand of acid (22)
Scrolls
 b - 2 scrolls of butterflies
 c - 2 scrolls of poison
 f - a scroll of enchant weapon
 i - 5 scrolls of enchant armour
 l - 6 scrolls of noise
 p - 17 scrolls of identify {@r1}
 z - a scroll of blinking
 A - 7 scrolls of fog
 C - 9 scrolls of torment
 E - 3 scrolls of revelation
 F - 5 scrolls of vulnerability
 G - 12 scrolls of immolation
 S - 8 scrolls of fear
 T - 4 scrolls of amnesia
 U - 3 scrolls of brand weapon
 Z - a scroll of teleportation {@r4}
Potions
 d - 7 potions of might
 e - 3 potions of magic
 g - 7 potions of brilliance
 k - 3 potions of lignification
 o - 13 potions of attraction
 r - 24 potions of curing {@q1}
 t - 3 potions of berserk rage
 u - a potion of mutation
 v - 4 potions of enlightenment
 x - 5 potions of heal wounds {@q2}
 D - 2 potions of cancellation
 Q - 5 potions of ambrosia
 R - 3 potions of haste {@q3}
 Y - 7 potions of invisibility
Miscellaneous
 n - a tin of tremorstones (2/2)
 X - a lightning rod (4/4)


   Skills:
 + Level 15.5 Fighting
 - Level 20.0 Ranged Weapons
 - Level 11.5 Armour
 + Level 16.4 Dodging
 - Level 4.0 Stealth
 + Level 8.5 Shields
 - Level 23.0 Shapeshifting


You had 21 spell levels left.
You didn't know any spells.
Your spell library contained the following spells:

 Spells                   Type           Power      Damage    Failure   Level
 Foxfire                  Conj/Fire      0%         2x1d4     56%         1
 Freeze                   Ice            0%         1d3       56%         1
 Kiss of Death            Conj/Necr      0%         2d5       56%         1
 Magic Dart               Conj           0%         1d3       56%         1
 Necrotise                Necr           0%         1d4       56%         1
 Shock                    Conj/Air       0%         1d3       56%         1
 Slow                     Hex            0%         N/A       56%         1
 Blink                    Tloc           0%         N/A       71%         2
 Call Imp                 Summ           0%         N/A       71%         2
 Ensorcelled Hibernation  Hex/Ice        0%         N/A       71%         2
 Jinxbite                 Hex            0%         N/A       71%         2
 Lesser Beckoning         Tloc           0%         N/A       71%         2
 Mercury Vapours          Alch/Air       0%         N/A       71%         2
 Static Discharge         Conj/Air       0%         3-3/arc   71%         2
 Confusing Touch          Hex            0%         N/A       90%         3
 Frozen Ramparts          Ice            0%         1d1       90%         3
 Fugue of the Fallen      Necr           0%         N/A       90%         3
 Gell's Gravitas          Tloc           0%         N/A       90%         3
 Hailstorm                Conj/Ice       0%         3d5       90%         3
 Inner Flame              Hex/Fire       0%         N/A       90%         3
 Mephitic Cloud           Conj/Alch/Air  0%         N/A       90%         3
 Ozocubu's Armour         Ice            0%         N/A       90%         3
 Passwall                 Erth           0%         N/A       90%         3
 Sigil of Binding         Hex            0%         N/A       90%         3
 Summon Ice Beast         Ice/Summ       0%         N/A       90%         3
 Teleport Other           Tloc           0%         N/A       90%         3
 Tukima's Dance           Hex            0%         N/A       90%         3
 Vampiric Draining        Necr           0%         2d6       90%         3
 Volatile Blastmotes      Fire/Tloc      0%         2d10      90%         3
 Anguish                  Hex/Necr       0%         N/A       100%        4
 Animate Armour           Summ/Erth      0%         N/A       100%        4
 Brom's Barrelling Bould  Conj/Erth      0%         2d3       100%        4
 Dimensional Bullseye     Hex/Tloc       0%         N/A       100%        4
 Dispel Undead            Necr           0%         3d6       100%        4
 Flame Wave               Conj/Fire      0%         2d4       100%        4
 Fulminant Prism          Conj/Alch      0%         3d5       100%        4
 Ignite Poison            Fire/Alch      0%         N/A       100%        4
 Iskenderun's Mystic Bla  Conj/Tloc      0%         2d3       100%        4
 Leda's Liquefaction      Alch/Erth      0%         N/A       100%        4
 Manifold Assault         Tloc           0%         N/A       100%        4
 Martyr's Knell           Necr/Summ      0%         N/A       100%        4
 Passage of Golubria      Tloc           0%         N/A       100%        4
 Sticky Flame             Fire/Alch      0%         2d4       100%        4
 Summon Blazeheart Golem  Fire/Summ      0%         N/A       100%        4
 Summon Lightning Spire   Summ/Air       0%         N/A       100%        4
 Vhi's Electric Charge    Tloc/Air       0%         N/A       100%        4
 Arcjolt                  Conj/Air       0%         1d10      100%        5
 Borgnjor's Vile Clutch   Necr/Erth      0%         N/A       100%        5
 Curse of Agony           Necr           0%         N/A       100%        5
 Fireball                 Conj/Fire      0%         3d3       100%        5
 Freezing Cloud           Conj/Ice/Air   0%         6-21      100%        5
 Irradiate                Conj/Alch      0%         3d11      100%        5
 Iskenderun's Battlesphe  Conj           0%         2d6       100%        5
 Lee's Rapid Deconstruct  Erth           0%         3d4*      100%        5
 Metabolic Englaciation   Hex/Ice        0%         N/A       100%        5
 Silence                  Hex/Air        0%         N/A       100%        5
 Summon Mana Viper        Hex/Summ       0%         N/A       100%        5
 Yara's Violent Unravell  Hex/Alch       0%         3d3       100%        5
 Bombard                  Conj/Erth      0%         9d1       100%        6
 Conjure Ball Lightning   Conj/Air       0%         3x3d6     100%        6
 Dispersal                Tloc           0%         N/A       100%        6
 Plasma Beam              Fire/Air       0%         2x1d10    100%        6
 Sculpt Simulacrum        Ice/Alch       0%         N/A       100%        6
 Starburst                Conj/Fire      0%         6d3       100%        6
 Enfeeble                 Hex            0%         N/A       100%        7
 Monstrous Menagerie      Summ           0%         N/A       100%        7
 Ozocubu's Refrigeration  Ice            0%         4d7       100%        7
 Spellforged Servitor     Conj/Summ      0%         N/A       100%        7
 Borgnjor's Revivificati  Necr           0%         N/A       100%        8
 Discord                  Hex            0%         N/A       100%        8
 Disjunction              Tloc           0%         N/A       100%        8
 Ignition                 Fire           0%         3d3       100%        8
 Infestation              Necr           0%         N/A       100%        8
 Lehudib's Crystal Spear  Conj/Erth      0%         10d2      100%        8
 Chain Lightning          Conj/Air       0%         N/A       100%        9
 Shatter                  Erth           0%         3d5*      100%        9


Dungeon Overview and Level Annotations

Branches:
Dungeon (15/15)            Temple (0/1) D:5            Lair (5/5) D:9
  Swamp (4/4) Lair:2       Spider (4/4) Lair:2        Slime (5/5) Lair:4
    Orc (2/2) D:10            Elf (3/3) Orc:2        Vaults (4/5) D:14
  Crypt (3/3) Vaults:2       Tomb (0/3) Crypt:3      Depths (0/4) D:15
Ossuary (visited)           IceCv (visited)         Desolation (visited)

Shops:
D:1 !((*   D:4 *   D:7 *   D:8 =   Orc:2 ?(*=   Elf:1 [   Elf:2 ?   Elf:3 *(*(
Vaults:3 [[[?   Vaults:4 !

Portals:
Pandemonium: Orc:2
Trove: D:14 (give 15 potions of curing)

Annotations:
D:4 Grinder
D:10 1 runed translucent door, Persephone's ghost, novice GnHu
D:13 exclusion: entropy weaver, Frances
Elf:1 exclusion: downstairs
Elf:2 3 runed translucent doors
Vaults:2 Asterion
Pan exclusion: 5 ice statues


Innate Abilities, Weirdness & Mutations

You are an undying horror.
Your melee and unarmed attacks drain, slow and weaken victims.
You are immune to unholy pain and torment.
You cannot drink.
You are immune to poison.
You have an increased reservoir of magic. (+10% MP)
You shall have no god before yourself.
Your divine heritage dramatically boosts your attributes as you level up.
You have sharp toenails.
You are agile. (Dex +4, Str/Int -1)
You expend magic power (3 MP) to strengthen your wands.


Message History

The bolt of cold hits the blizzard demon.
The blizzard demon resists.
Flame seeps out of the blizzard demon.
You hear a sizzling sound!
The walking frostbound tome erupts in a flurry of living spells!
The blizzard demon waves its arms in wide circles.
The air twists around and strikes you.
You block the demonspawn black sun's attack.
The blizzard demon completely misses you.
The blizzard demon barely misses you.
The blizzard demon completely misses you. x2
Unknown command.
Unknown command.
Unknown command.
Unknown command.
Unknown command.
Unknown command.
Unknown command.
Unknown command.
Unknown command.
Unknown command.
Unknown command.
Unknown command.
Unknown command.
Blink to where?
Press: ? - help, Dir - move target
As you read the scroll of blinking, it crumbles to dust.
The demonspawn black sun's inner flame fades away.
The blizzard demon waves its arms in wide circles.
The air twists around and strikes you!!
* * * LOW HITPOINT WARNING * * *
The ice statue gestures at you.
The bolt of cold hits the living spell!!
The living spell is destroyed!
The bolt of cold misses you.
The ice statue glitters chillingly in the dim dungeon light.
The ice statue gestures at you. The freezing blast misses you.
The blizzard demon waves its arms in wide circles.
The air twists around and strikes you!!
You die...

......#≈≈≈~#Y.............
......###...Z...).........
........#..2Y.Y..........
#≈≈Y.3Y.......#
####YY~......∩#
#≈≈##≈~.......###
#..≈##≈~4..../....
#.);2#§§§☼..∩.###.
#;2228.§z☼....#
#2.268*○§§....#
#22Y;8○≈......#
#..Y68≈≈...####
#****84≈...# #.?.≈#≈~...#
#..≈##≈~...# #≈≈##≈~.....
####


You could see 3 walking frostbound tomes, 2 demonspawn black suns, a balrug
(black mark), 5 ice statues, 8 blizzard demons, a sun demon (black mark), 2 ice
devils, 8 ice beasts, an Executioner simulacrum (wandering, black mark) and 5
living spells.

Vanquished Creatures
  the Royal Jelly (Slime:5)
  A pandemonium lord (Pan)
  Boris (Crypt:3)
  Saint Roka (Crypt:1)
  Margery (Crypt:1)
  Jorgrun (Swamp:1)
  A hellephant (Crypt:1)
  2 tentacled monstrosities (Abyss:3)
  4 liches
  An Ice Fiend (Pan)
  2 deep elf blademasters (Elf:3)
  3 sphinxes (Vaults:2)
  An Executioner (Abyss:3)
  2 deep elf master archers (Elf:3)
  16 acid blobs
  A kraken (Abyss:3)
  2 tentacled starspawn (Abyss:3)
  2 thorn hunters (Swamp:4)
  Gastronok (Lair:2)
  5 ancient champions (Crypt:2)
  2 fenstrider witches
  11 rockslimes
  12 azure jellies
  6 emperor scorpions (Spider:4)
  5 deep elf sorcerers
  An imperial myrmidon (Desolation)
  4 revenants
  Louise (D:14)
  A draconian knight (IceCv)
  2 ghost moths (Spider:4)
  2 deep elf elementalists
  2 cacodemons (Pan)
  10 ironbound preservers
  13 vault wardens
  2 caustic shrike zombies
  5 ghouls
  2 balrugs (Pan)
  3 curse skulls
  15 quicksilver oozes (Slime:5)
  5 orc warlords
  A stone giant (D:15)
  2 formless jellyfish (Vaults:4)
  A reaper (Pan)
  10 ironbound thunderhulks
  A broodmother (Spider:3)
  2 eleionomae (Swamp:2)
  8 deep elf demonologists
  8 deep elf death magi
  15 vampire knights
  7 deep elf annihilators (Elf:3)
  A spark wasp (Spider:4)
  9 dire elephants
  2 war gargoyles
  3 bunyips
  4 halazid warlocks (Desolation)
  Snorg (Orc:2)
  Azrael (D:13)
  5 white draconians (IceCv)
  4 eidola
  2 blizzard demons (Pan)
  3 entropy weavers
  12 jiangshi
  2 shambling mangroves
  6 yaktaur captains
  8 great orbs of eyes
  3 crystal guardians
  9 ragged hierophants (Desolation)
  3 deep elf high priests (Elf:3)
  A spriggan skeleton (Crypt:1)
  18 peacekeepers
  An ogre mage (D:14)
  A jorogumo (Spider:4)
  Fannar (Lair:3)
  7 servants of whispers (Desolation)
  8 vault guards
  22 hydras
  A rakshasa (Abyss:3)
  2 catoblepae
  9 alligators
  2 ghost crabs (Abyss:3)
  12 ironbound frosthearts
  13 dancing weapons
  3 demonspawn (Orc:2)
  An Orb Guardian skeleton (Crypt:2)
  8 death yaks
  5 death knights
  A demonic crawler (Spider:4)
  11 boulder beetles
  17 centaur warriors
  3 two-headed ogres
  A deep troll shaman (Lair:5)
  4 tengu warriors
  12 vampire magi
  8 sun demons (Pan)
  2 thrashing horrors (Abyss:3)
  8 orc high priests
  13 deep elf knights
  6 soul eaters
  4 hell knights
  A wretched star (Abyss:3)
  2 fire crabs (Abyss:3)
  A pharaoh ant (Spider:4)
  55 skeletal warriors
  5 sixfirhies (Pan)
  3 skysharks
  4 goliath frogs
  8 spriggan druids
  10 orb spiders
  A glowing orange brain (Slime:5)
  4 arcanists
  5 flayed ghosts
  7 bog bodies
  7 swamp dragons
  3 bunyip zombies
  29 deep trolls
  4 harpies (Vaults:3)
  An anaconda skeleton (Crypt:3)
  An anaconda zombie (Crypt:3)
  25 phantasmal warriors
  3 lindwurms (Vaults:2)
  11 deep elf archers
  19 ironbound convokers
  3 bunyip skeletons
  5 steelbarb worms
  An orange crystal statue (IceCv)
  7 wolf spiders
  10 necromancers
  A spectral boulder beetle (D:12)
  21 orc knights
  12 deep elf zephyrmancers
  2 manticores
  28 deep elf pyromancers
  A manticore (shapeshifter) (Vaults:4)
  7 orc sorcerers (Orc:2)
  19 ugly things
  7 will-o-the-wisps
  2 spectral centaurs (D:12)
  3 kobold blastminers (Orc:2)
  2 guardian serpents (Desolation)
  2 moths of wrath (Spider:4)
  11 shining eyes
  A dire elephant zombie (Crypt:3)
  A fire giant skeleton (Crypt:1)
  A frost giant skeleton (Crypt:1)
  10 elephants
  2 eyes of devastation (Slime:5)
  3 Executioner simulacra (Pan)
  An apocalypse crab (Abyss:3)
  13 vault sentinels
  4 centaur zombies
  A smoke demon (Abyss:3)
  2 molten gargoyles (Desolation)
  2 torpor snails
  4 black mambas (Lair:5)
  An orange demon (Pan)
  4 large abominations
  A hellion (Abyss:3)
  6 centaur skeletons
  10 cane toads
  7 freezing wraiths
  7 storm dragon simulacra (IceCv)
  21 komodo dragons
  3 rime drakes
  17 yaktaurs
  2 tengu conjurers (D:15)
  A white draconian skeleton (Crypt:2)
  2 dire elephant skeletons (Crypt:3)
  An efreet (D:14)
  An orb spider zombie (Crypt:1)
  A komodo dragon (shapeshifter) (Elf:1)
  3 golden dragon simulacra (IceCv)
  4 ice devils
  2 ancient zymes (Abyss:3)
  A red devil (Orc:2)
  3 bloated husks
  4 polar bears
  9 tyrant leeches
  A tarantella (Spider:4)
  11 hornets
  7 trolls
  4 dream sheep (Lair:5)
  A sun moth zombie (Crypt:3)
  13 blink frogs
  3 harpy skeletons
  73 saltlings (Desolation)
  2 glass eyes (Slime:5)
  6 raiju (Abyss:3)
  6 jumping spiders (Spider:4)
  2 air elementals (Elf:1)
  94 slime creatures
  2 centaur simulacra
  A vampire (D:12)
  A black mamba zombie (Crypt:1)
  6 shadows
  2 small abominations (Abyss:3)
  3 ynoxinuls
  46 yaks
  4 culicivoras
  3 water elementals
  14 spriggans
  6 basilisks
  18 wraiths
  5 wyverns
  3 fire elementals
  3 wargs
  8 starcursed masses (Abyss:3)
  4 golden eyes (Slime:5)
  A hog (shapeshifter) (Elf:2)
  A steam dragon (D:6)
  3 neqoxecs
  17 redbacks
  A chaos spawn (Abyss:3)
  Menkaure (D:5)
  A harpy simulacrum (Crypt:1)
  10 vampire mosquitoes
  15 swamp worms
  2 acid dragons
  A two-headed ogre skeleton (Crypt:3)
  15 water moccasins
  5 hell hounds
  2 black bears
  9 swamp drakes
  A water nymph skeleton (Crypt:2)
  A sky beast (D:7)
  A meliai simulacrum (D:12)
  26 orc warriors
  3 ice dragon simulacra (IceCv)
  39 laughing skulls
  9 ogres
  2 ice beasts
  A boulder beetle simulacrum (D:12)
  A manticore zombie (Crypt:2)
  A black mamba simulacrum (D:12)
  4 boggarts (Vaults:2)
  A swamp dragon skeleton (Crypt:3)
  11 centaurs
  41 wolves
  5 kobold brigands
  9 bullfrogs
  14 weeping skulls
  A fire crab zombie (Crypt:2)
  Blork the orc (D:5)
  2 draconian skeletons (Crypt:1)
  3 elf zombies (Ossuary)
  3 gnoll sergeants
  4 scorpions
  A komodo dragon skeleton (Crypt:3)
  2 necrophages (Swamp:2)
  6 wights
  A burial acolyte (D:10)
  10 killer bees
  8 lindwurm simulacra (IceCv)
  An electric eel (Lair:5)
  4 howler monkeys
  A bombardier beetle (D:3)
  7 jellies
  A gnoll bouda (D:5)
  2 hounds
  A human zombie (Ossuary)
  24 orc priests
  A black bear skeleton (Crypt:1)
  3 iguanas
  13 orc wizards
  2 boggart zombies (D:12)
  2 boggart skeletons (D:12)
  3 hell rats (D:12)
  A crocodile skeleton (Crypt:3)
  2 mummies (Ossuary)
  A tengu skeleton (Crypt:2)
  7 hound zombies (Ossuary)
  7 adders
  20 gnolls
  2 shadow imps (D:6)
  4 white imps
  2 ufetubi (Abyss:3)
  4 adder zombies (Ossuary)
  2 dart slugs (D:4)
  4 ribbon worms
  69 orcs
  4 endoplasms
  A giant cockroach (D:4)
  5 gnoll zombies (Ossuary)
  7 goblins
  11 hobgoblins
  2 jackals (D:2)
  28 kobolds
  4 quokkas
  4 ball pythons
  11 bats
  7 frilled lizards
  A hobgoblin skeleton (Crypt:2)
  4 jackal zombies (Ossuary)
  6 kobold zombies (Ossuary)
  7 orc zombies (Ossuary)
  8 rats
  A rat skeleton (Crypt:3)
  A spectral orc (D:7)
  2 starspawn tentacles (Abyss:3)
1952 creatures vanquished.

Vanquished Creatures (others)
  A ghost moth (Spider:4)
  A spriggan druid (Swamp:2)
  A komodo dragon (D:12)
  2 bloated husks
  A tarantella (Spider:4)
  A tyrant leech (Swamp:1)
  3 spriggans (Swamp:4)
  3 golden eyes (Abyss:3)
  A human (D:10)
  A laughing skull (Crypt:1)
  18 foxfires
  2 starspawn tentacles (Abyss:3)
35 creatures vanquished.

Grand Total: 1987 creatures vanquished

Notes
Turn   | Place    | Note
-------+----------+-------------------------------------------
     0 | D:1      | freelancePsychic the Demigod Hunter began the quest for the
                  | Orb.
     0 | D:1      | Reached XP level 1. HP: 17/17 MP: 3/3
    42 | D:1      | Found Yhulabri's Distillery.
    86 | D:1      | Reached skill level 1 in Stealth
   188 | D:1      | Reached XP level 2. HP: 24/24 MP: 4/4
   254 | D:1      | Found Olisof Xuvu's Weapon Emporium.
   344 | D:1      | Found Fomi Rij's General Store.
   469 | D:1      | Found Qiom Lus's Antique Weapon Shoppe.
   694 | D:2      | Reached XP level 3. HP: 29/29 MP: 5/5
  1168 | D:3      | Reached XP level 4. HP: 37/37 MP: 6/6
  1624 | D:3      | You fall into a shaft and drop 2 floors!
  1624 | D:5      | Entered Level 5 of the Dungeon
  1634 | D:5      | Noticed an ice beast
  1727 | D:4      | Reached XP level 5. HP: 40/44 MP: 7/7
  1766 | D:4      | Reached skill level 5 in Ranged Weapons
  2349 | D:3      | Reached XP level 6. HP: 51/51 MP: 8/8
  2594 | D:4      | Noticed Grinder
  2923 | D:5      | Noticed Menkaure
  2931 | D:5      | Killed Menkaure
  2932 | D:5      | Reached XP level 7. HP: 39/59 MP: 9/9
  3055 | D:5      | Found a staircase to the Ecumenical Temple.
  4479 | D:4      | Found Laicifa's General Store.
  4623 | D:4      | Reached XP level 8. HP: 41/63 MP: 10/10
  5170 | D:6      | Noticed Blork the orc
  5188 | D:5      | Killed Blork the orc
  5189 | D:5      | Reached skill level 5 in Fighting
  6094 | D:7      | Found Zin's Purification Station.
  6336 | D:7      | Found a sand-covered staircase.
  6343 | Ossuary  | Entered an ossuary
  6573 | Ossuary  | Reached XP level 9. HP: 75/75 MP: 11/11
  7371 | D:7      | Reached skill level 5 in Dodging
  7535 | D:1      | Bought the +3 shortbow of Ash {drain, rElec rC+ Int+2} for
                  | 456 gold pieces
  7741 | D:8      | Found Lixun's Jewellery Emporium.
  8020 | D:8      | Reached skill level 10 in Ranged Weapons
  8936 | D:9      | Reached XP level 10. HP: 84/86 MP: 13/13
  9001 | D:9      | Found a staircase to the Lair.
  9098 | D:9      | Identified the +4 falchion of Defence by Offence {drain,
                  | *Rage rElec rF++}
  9407 | D:9      | Noticed a tengu warrior
  9414 | D:9      | Killed a tengu warrior
  9430 | D:9      | Found the +18 Lear's hauberk
  9609 | D:10     | Entered Level 10 of the Dungeon
  9726 | D:10     | Found a runed translucent door.
 10154 | D:10     | Found a staircase to the Orcish Mines.
 10388 | D:10     | Noticed a purple ugly thing
 10389 | D:10     | Noticed Persephone's ghost (novice GnHu)
 10678 | D:11     | Noticed a two-headed ogre
 10682 | D:11     | Killed a two-headed ogre
 10683 | D:11     | Reached XP level 11. HP: 95/95 MP: 14/14
 12202 | D:13     | Noticed a skeletal warrior
 12205 | D:13     | Noticed a tengu warrior
 12229 | D:13     | Killed a skeletal warrior
 12245 | D:13     | Noticed a skeletal warrior
 12278 | D:13     | Killed a skeletal warrior
 12279 | D:13     | Reached XP level 12. HP: 102/105 MP: 15/15
 12463 | D:13     | Noticed an entropy weaver
 12578 | D:13     | Noticed Frances
 12812 | D:14     | Noticed Louise
 13000 | D:13     | Noticed a centaur warrior
 13010 | D:13     | Killed a centaur warrior
 13131 | D:13     | Noticed Azrael
 13261 | Lair:1   | Entered Level 1 of the Lair of Beasts
 13470 | Lair:1   | Reached skill level 10 in Fighting
 13493 | Lair:1   | You fall into a shaft and drop 1 floor!
 13493 | Lair:2   | Found a hole to the Spider Nest.
 13734 | Lair:2   | Identified the +4 chain mail of Supple Strength {rPois}
 13838 | Lair:2   | Noticed a four-headed hydra
 13842 | Lair:2   | Killed a four-headed hydra
 13898 | Lair:2   | Found a staircase to the Swamp.
 14006 | Lair:2   | Noticed a five-headed hydra
 14011 | Lair:2   | Killed a five-headed hydra
 14248 | Lair:2   | Reached skill level 15 in Ranged Weapons
 14575 | Lair:3   | Noticed Gastronok
 14576 | Lair:3   | Noticed Fannar
 14648 | Lair:1   | Identified the +4 leather armour of the Harvest {rN+}
 14668 | Lair:1   | Reached skill level 10 in Dodging
 15148 | Lair:2   | Killed Gastronok
 15372 | Lair:3   | Reached XP level 13. HP: 115/115 MP: 16/16
 15695 | Lair:3   | Killed Fannar
 16157 | Lair:4   | Found a staircase to the Slime Pits.
 16755 | Lair:5   | Entered Level 5 of the Lair of Beasts
 16888 | Lair:5   | Identified the +2 halberd "Haxo" {antimagic, Int+3}
 17296 | Lair:5   | Reached XP level 14. HP: 125/125 MP: 17/17
 17511 | Lair:5   | Identified the +1 bardiche of the Crypt {venom, Int+4
                  | Dex+2}
 18226 | Orc:1    | Entered Level 1 of the Orcish Mines
 18417 | Orc:2    | Entered Level 2 of the Orcish Mines
 18506 | Orc:2    | Noticed Snorg
 18511 | Orc:2    | Killed Snorg
 18680 | Orc:2    | Found Macopp's General Store.
 18698 | Orc:2    | Found Ockupsue's Magic Scroll Emporium.
 18751 | Orc:2    | Noticed an orc warlord
 18771 | Orc:2    | Killed an orc warlord
 18963 | Orc:2    | Reached skill level 1 in Shapeshifting
 19298 | Orc:2    | Paralysed by an orc sorcerer for 2 turns
 19306 | Orc:2    | Reached skill level 2 in Shapeshifting
 19395 | Orc:2    | Found a staircase to the Elven Halls.
 19694 | Orc:2    | Found Ziagisis's Jewellery Boutique.
 19694 | Orc:2    | Found Zosireo's Antique Weapon Shop.
 19710 | Orc:2    | Found a one-way gate leading to the halls of Pandemonium.
 19747 | Orc:2    | Bought a scroll of acquirement for 624 gold pieces
 19747 | Orc:2    | Acquired the +1 helmet "Goesip Suxo" {Dex+5}
 19759 | Orc:2    | Bought a potion of heal wounds for 60 gold pieces
 19759 | Orc:2    | Bought a scroll of blinking for 90 gold pieces
 19759 | Orc:2    | Bought a potion of mutation for 96 gold pieces
 19759 | Orc:2    | Bought 3 scrolls of immolation for 144 gold pieces
 19759 | Orc:2    | Bought a scroll of teleportation for 36 gold pieces
 19761 | Orc:2    | Bought a scroll of enchant armour for 105 gold pieces
 19761 | Orc:2    | Bought a scroll of fog for 56 gold pieces
 19761 | Orc:2    | Bought a scroll of identify for 28 gold pieces
 19761 | Orc:2    | Bought a scroll of teleportation for 42 gold pieces
 19936 | D:13     | Killed Azrael
 20346 | D:14     | Reached skill level 3 in Shapeshifting
 20364 | Abyss:3  | Cast into level 3 of the Abyss (Louise)
 20386 | Abyss:3  | Reached XP level 15. HP: 135/135 MP: 18/18
 20574 | Abyss:3  | Noticed a tentacled starspawn
 20579 | Abyss:3  | Killed a tentacled starspawn
 20651 | Abyss:3  | Noticed a tentacled starspawn
 20657 | Abyss:3  | Killed a tentacled starspawn
 20705 | D:14     | Escaped the Abyss
 20735 | D:14     | Killed Louise
 20848 | D:14     | Found a portal to a secret trove of treasure.
 20876 | D:14     | Reached skill level 4 in Shapeshifting
 21105 | D:14     | Found a gate to the Vaults.
 21157 | D:14     | Found the amulet of the Air {Inacc Air Fly rElec RMsl}
 21199 | D:15     | Entered Level 15 of the Dungeon
 21427 | D:15     | Found a staircase to the Depths.
 22251 | Elf:1    | Entered Level 1 of the Elven Halls
 22257 | Elf:1    | Reached skill level 5 in Shapeshifting
 22567 | Elf:1    | Paralysed by an air elemental for 1 turns
 22886 | Elf:1    | Identified the +0 plate armour of Poybeme {rPois rF++}
 22913 | Elf:1    | Found Giyh's Antique Armour Boutique.
 23133 | Elf:1    | Reached XP level 16. HP: 135/137 MP: 19/19
 23518 | Elf:2    | Found Molucofuo's Magic Scroll Emporium.
 23519 | Elf:2    | Paralysed by an air elemental for 1 turns
 23524 | Elf:1    | Paralysed by an air elemental for 1 turns
 23852 | Elf:1    | Reached skill level 6 in Shapeshifting
 23981 | Elf:2    | Bought a scroll of blinking for 105 gold pieces
 23981 | Elf:2    | Bought a scroll of teleportation for 42 gold pieces
 23981 | Elf:2    | Bought a scroll of poison for 56 gold pieces
 23981 | Elf:2    | Bought a scroll of poison for 56 gold pieces
 24121 | Elf:2    | Found a runed translucent gate.
 24121 | Elf:2    | Found a runed translucent gate.
 24121 | Elf:2    | Found a runed translucent gate.
 24237 | Elf:3    | Entered Level 3 of the Elven Halls
 24255 | Elf:3    | Found Saups's Assorted Antiques.
 24485 | Elf:3    | Found Heucs's Weapon Emporium.
 24494 | Elf:3    | Found Uximog's Antique Weapon Shoppe.
 24661 | Elf:3    | Found Woej's Assorted Antiques.
 24665 | Elf:3    | Bought a potion of curing for 102 gold pieces
 25154 | Elf:3    | Noticed a deep elf blademaster
 25155 | Elf:3    | Noticed a Hell Sentinel
 25283 | Elf:3    | Killed a deep elf blademaster
 25367 | Elf:3    | Identified the +8 chain mail of Duitiek {Dex+3}
 25367 | Elf:3    | Noticed a deep elf master archer
 25398 | Elf:3    | Noticed a deep elf master archer
 25513 | Elf:3    | Killed a deep elf master archer
 25588 | Elf:2    | Reached skill level 7 in Shapeshifting
 25617 | Elf:3    | Killed a deep elf master archer
 25639 | Elf:3    | Noticed a deep elf blademaster
 25650 | Elf:3    | Killed a deep elf blademaster
 25986 | Elf:3    | Identified the +0 plate armour "Wuprur" {rF++}
 25988 | Elf:3    | Got the Vellum of Pyromania
 25990 | Elf:3    | Identified the +2 helmet of Terrible Awe {Str+4}
 25991 | Elf:3    | Identified the +7 plate armour "Bebleag" {*Slow Will+
                  | Slay+3}
 26005 | Elf:3    | Identified the staff of the Teaching Vulture {rElec rF+
                  | Will- rCorr MP+9 Fire}
 26015 | Elf:3    | Identified the +1 war axe of Ixkukh {freeze, Will+ Dex+3}
 26058 | Elf:3    | Identified the +9 shortbow of the Warrior {freeze, Will+}
 26061 | Elf:3    | Got the Atlas of Frostbitten Topomancy
 26075 | Elf:3    | Found the +3 Elemental Staff {ele, rElec rF+ rC+ AC+3}
 26080 | Elf:3    | Identified the +0 scale mail "Gitugg" {Int+5 Stlth-}
 26101 | Elf:3    | Acquired the +1 pair of boots of Resonance {Int+7 Stlth-}
 26639 | Vaults:1 | Entered Level 1 of the Vaults
 26670 | Vaults:1 | Reached skill level 1 in Armour
 26828 | Vaults:1 | Reached XP level 17. HP: 117/154 MP: 20/20
 26839 | Vaults:1 | Reached skill level 15 in Fighting
 26924 | Vaults:1 | Found a flickering gateway to a bazaar.
 26939 | Bazaar   | Entered a bazaar
 26940 | Bazaar   | Found Ywaah's Jewellery Boutique.
 26944 | Bazaar   | Found Urghugehe's Assorted Antiques.
 26944 | Bazaar   | Found Hanleros's Antique Armour Boutique.
 26945 | Bazaar   | Found Zefforoj's Distillery.
 26968 | Bazaar   | Bought a potion of curing for 33 gold pieces
 26968 | Bazaar   | Bought a potion of curing for 33 gold pieces
 26968 | Bazaar   | Bought a potion of curing for 33 gold pieces
 26968 | Bazaar   | Bought a potion of haste for 110 gold pieces
 26968 | Bazaar   | Bought a potion of heal wounds for 55 gold pieces
 26976 | Bazaar   | Bought a scroll of blinking for 172 gold pieces
 26976 | Bazaar   | Bought a scroll of enchant weapon for 172 gold pieces
 26984 | Bazaar   | Bought the ring of Tyrena {rElec rPois rN+} for 382 gold
                  | pieces
 27044 | Vaults:1 | Reached skill level 8 in Shapeshifting
 27320 | Vaults:1 | Reached skill level 5 in Armour
 28167 | Vaults:1 | Reached skill level 9 in Shapeshifting
 28238 | Vaults:2 | Noticed Asterion
 28318 | Vaults:2 | Found a staircase to the Crypt.
 28330 | Vaults:2 | Found a crumbling gateway.
 28334 | Desolati | Entered the Desolation of Salt
 28404 | Desolati | Identified the ring "Gosidoti" {rElec rF+ rC+ rN++ Int-4}
 28624 | Desolati | Found the ring of the Mage {Wiz Archmagi}
 28661 | Desolati | Identified the amulet of Disaster {Spirit rCorr}
 28668 | Desolati | Got the Grimoire of Relocated Pyromancy
 28742 | Desolati | Identified the +1 helmet of Ecsic {Int+5}
 28811 | Desolati | Reached skill level 10 in Shapeshifting
 28825 | Desolati | Reached skill level 10 in Armour
 28907 | Desolati | Identified the +1 leather armour "Jaffom" {Int+3}
 28993 | Desolati | Got the Omnibus of Inhalation
 29003 | Desolati | Identified the +0 robe "Vynuud" {MP+9 Int+2}
 29017 | Desolati | Got Dispater's Dissertation on the Lithosphere
 29530 | Desolati | Reached skill level 11 in Shapeshifting
 29531 | Desolati | Found the +8 demon trident "Rift" {distort, reach+}
 29633 | Desolati | Got the Anthology of Feathery Synthesis
 29875 | Vaults:2 | Reached XP level 18. HP: 135/163 MP: 21/21
 30470 | Vaults:2 | Reached skill level 15 in Dodging
 31485 | Vaults:2 | Got the Handbook of Obstruction
 31500 | Vaults:2 | Reached skill level 12 in Shapeshifting
 31624 | Vaults:3 | Found Eqitoral's Armour Boutique.
 32380 | Vaults:3 | Found Hixur's Antique Armour Shop.
 32515 | Vaults:3 | Found Woips's Antique Armour Shop.
 32522 | Vaults:3 | Bought a shiny buckler for 172 gold pieces
 32662 | Vaults:3 | Reached skill level 1 in Shields
 32805 | Vaults:3 | Reached skill level 13 in Shapeshifting
 32946 | Vaults:3 | Found Ryubeec's Magic Scroll Shoppe.
 33144 | Vaults:4 | Found Buagyun's Distillery.
 33155 | Vaults:4 | Bought a potion of heal wounds for 90 gold pieces
 33155 | Vaults:4 | Bought a potion of haste for 180 gold pieces
 33339 | Vaults:4 | Reached XP level 19. HP: 170/170 MP: 22/22
 33382 | Vaults:4 | Reached skill level 5 in Shields
 33413 | Abyss:3  | Cast into level 3 of the Abyss (a deep elf demonologist)
 33419 | Abyss:3  | Got an abyssal rune of Zot
 33604 | Abyss:3  | Reached skill level 14 in Shapeshifting
 33618 | Vaults:4 | Escaped the Abyss
 33744 | Vaults:4 | Identified the storm talisman "Zeerchuce" {rC- Int+3 Dex+5}
 34468 | Crypt:1  | Entered Level 1 of the Crypt
 34521 | Crypt:1  | Reached skill level 15 in Shapeshifting
 34528 | Crypt:1  | Noticed Margery
 34537 | Crypt:1  | Noticed Saint Roka
 34567 | Crypt:1  | Killed Margery
 34599 | Crypt:1  | Killed Saint Roka
 34878 | Crypt:1  | Reached skill level 16 in Shapeshifting
 34967 | Crypt:1  | Identified the +5 trident "Qiufry" {venom, Will+}
 35603 | Crypt:2  | Reached XP level 20. HP: 81/177 MP: 24/24
 35658 | Crypt:2  | Found the +6 Majin-Bo {spellvamp, MP+6 Int+6}
 35708 | Crypt:2  | Reached skill level 17 in Shapeshifting
 36480 | Crypt:3  | Entered Level 3 of the Crypt
 36532 | Crypt:2  | HP: 8/178 [skeletal warrior/+0 war axe (20)]
 36987 | Crypt:3  | Reached skill level 18 in Shapeshifting
 37067 | Crypt:3  | Found a staircase to the Tomb.
 37107 | Crypt:3  | Noticed Boris
 37117 | Crypt:3  | Killed Boris
 37270 | Crypt:3  | Paralysed by something for 5 turns
 37581 | Crypt:3  | Reached skill level 19 in Shapeshifting
 37597 | Crypt:3  | Got Ycwapaira's Precepts of Skeletons
 37743 | Crypt:3  | Got Miatzy's Codex of Exothermic Ozone
 37857 | Crypt:3  | Identified the +0 pair of boots of Weho {Harm +Inv Slay+3}
 37924 | Crypt:3  | Paralysed by something for 5 turns
 38288 | Crypt:3  | Upgraded the game from 0.31.0-10-gcf4a605ca0 to
                  | 0.31.0-11-ge490571c62
 38895 | Slime:1  | Entered Level 1 of the Pits of Slime
 38982 | Slime:1  | Gained mutation: You are dopey. (Int -2) [a shining eye]
 39553 | Slime:2  | Reached skill level 20 in Shapeshifting
 39636 | Slime:2  | Reached XP level 21. HP: 184/184 MP: 25/25
 39832 | Slime:5  | Entered Level 5 of the Pits of Slime
 39913 | Slime:5  | Gained mutation: You are occasionally teleported next to
                  | monsters. [a shining eye]
 39915 | Slime:5  | Lost mutation: You are occasionally teleported next to
                  | monsters. [potion of mutation]
 39915 | Slime:5  | Lost mutation: You are dopey. (Int -2) [potion of mutation]
 39915 | Slime:5  | Gained mutation: You are agile. (Dex +4, Str/Int -1)
                  | [potion of mutation]
 39915 | Slime:5  | Gained mutation: You passively dampen the noise of your
                  | surroundings. [potion of mutation]
 40044 | Slime:5  | Noticed the Royal Jelly
 40227 | Slime:5  | Gained mutation: You are frail. (-10% HP) [a shining eye]
 40764 | Slime:5  | Killed the Royal Jelly
 40765 | Slime:5  | Reached skill level 21 in Shapeshifting
 40930 | Slime:5  | Identified the staff "Impslayer" {Dex+8 Conj Earth}
 41043 | Slime:5  | Got a slimy rune of Zot
 41052 | Slime:5  | Identified the +4 short sword of the Devouring Gods {spect,
                  | Dex+4}
 41655 | Swamp:1  | Entered Level 1 of the Swamp
 41655 | Swamp:1  | Noticed Jorgrun
 41677 | Swamp:1  | Killed Jorgrun
 43386 | Swamp:4  | Entered Level 4 of the Swamp
 43435 | Swamp:4  | Identified the +4 long sword of the Weak God {heavy, MP+9
                  | Str+3}
 43436 | Swamp:4  | Lost mutation: You are agile. (Dex +4, Str/Int -1) [potion
                  | of mutation]
 43436 | Swamp:4  | Lost mutation: You passively dampen the noise of your
                  | surroundings. [potion of mutation]
 43436 | Swamp:4  | Gained mutation: Your body sometimes deteriorates upon
                  | taking damage. [potion of mutation]
 43436 | Swamp:4  | Gained mutation: You are partially covered in iridescent
                  | scales. (AC +2) [potion of mutation]
 43436 | Swamp:4  | Gained mutation: You are covered in fur. (AC +1) [potion of
                  | mutation]
 43436 | Swamp:4  | Gained mutation: You are agile. (Dex +4, Str/Int -1)
                  | [potion of mutation]
 43437 | Swamp:4  | Lost mutation: You are agile. (Dex +4, Str/Int -1) [potion
                  | of mutation]
 43437 | Swamp:4  | Lost mutation: Your body sometimes deteriorates upon taking
                  | damage. [potion of mutation]
 43437 | Swamp:4  | Gained mutation: You have a pair of small horns on your
                  | head. [potion of mutation]
 43437 | Swamp:4  | Gained mutation: You are mostly covered in iridescent
                  | scales. (AC +4) [potion of mutation]
 43438 | Swamp:4  | Lost mutation: You are covered in fur. (AC +1) [potion of
                  | mutation]
 43438 | Swamp:4  | Lost mutation: You have a pair of small horns on your head.
                  | [potion of mutation]
 43438 | Swamp:4  | Lost mutation: You are mostly covered in iridescent scales.
                  | (AC +4) [potion of mutation]
 43438 | Swamp:4  | Gained mutation: You are agile. (Dex +4, Str/Int -1)
                  | [potion of mutation]
 43438 | Swamp:4  | Gained mutation: You have a pair of small horns on your
                  | head. [potion of mutation]
 43438 | Swamp:4  | Gained mutation: You are mostly covered in iridescent
                  | scales. (AC +4) [potion of mutation]
 43439 | Swamp:4  | Lost mutation: You are mostly covered in iridescent scales.
                  | (AC +4) [potion of mutation]
 43439 | Swamp:4  | Lost mutation: You are partially covered in iridescent
                  | scales. (AC +2) [potion of mutation]
 43439 | Swamp:4  | Lost mutation: You have a pair of small horns on your head.
                  | [potion of mutation]
 43439 | Swamp:4  | Gained mutation: Your flesh is cold resistant. (rC+)
                  | [potion of mutation]
 43439 | Swamp:4  | Gained mutation: Your muscles are strong. (Str +4, Int/Dex
                  | -1) [potion of mutation]
 43440 | Swamp:4  | Lost mutation: You are agile. (Dex +4, Str/Int -1) [potion
                  | of mutation]
 43440 | Swamp:4  | Lost mutation: Your flesh is cold resistant. (rC+) [potion
                  | of mutation]
 43440 | Swamp:4  | Lost mutation: You are frail. (-10% HP) [potion of
                  | mutation]
 43440 | Swamp:4  | Gained mutation: You expend magic power (3 MP) to
                  | strengthen your wands. [potion of mutation]
 43440 | Swamp:4  | Gained mutation: You have a pair of small antennae on your
                  | head. [potion of mutation]
 43440 | Swamp:4  | Gained mutation: You have a considerably increased
                  | reservoir of magic. (+20% MP) [potion of mutation]
 43441 | Swamp:4  | Lost mutation: You have a pair of small antennae on your
                  | head. [potion of mutation]
 43441 | Swamp:4  | Lost mutation: Your muscles are strong. (Str +4, Int/Dex
                  | -1) [potion of mutation]
 43441 | Swamp:4  | Lost mutation: You have a considerably increased reservoir
                  | of magic. (+20% MP) [potion of mutation]
 43441 | Swamp:4  | Gained mutation: You are agile. (Dex +4, Str/Int -1)
                  | [potion of mutation]
 43441 | Swamp:4  | Gained mutation: You have sharp toenails. [potion of
                  | mutation]
 43528 | Swamp:4  | Reached skill level 22 in Shapeshifting
 43683 | Swamp:4  | Found a glacial archway.
 43687 | IceCv    | Entered an ice cave
 43845 | IceCv    | Found the +3 pair of gauntlets of War {Slay+5}
 43880 | IceCv    | Identified the ring of the Marlin {Ice rPois Dex+3}
 43901 | IceCv    | Identified the amulet of Noezxan {RegenMP Regen+ Str+8
                  | Int-3}
 44372 | Swamp:4  | Got a decaying rune of Zot
 44546 | Spider:1 | Entered Level 1 of the Spider Nest
 44576 | Spider:3 | Reached XP level 22. HP: 182/192 MP: 26/26
 44722 | Spider:4 | Entered Level 4 of the Spider Nest
 44865 | Spider:4 | Identified the +6 ring mail "Amurite" {^Contam Rampage
                  | Regen+}
 44876 | Spider:4 | Reached skill level 23 in Shapeshifting
 44966 | Spider:4 | Got a milky-white gem with 1965 turns to spare
 44993 | Spider:4 | Got a gossamer rune of Zot
 45274 | Pan      | Entered Pandemonium
 45645 | Pan      | Noticed Rudubuic the pandemonium lord
 45645 | Pan      | Found an exit through the horrors of the Abyss.
 45664 | Pan      | Killed Rudubuic the pandemonium lord
 45669 | Pan      | Got a demonic rune of Zot
 45670 | Pan      | Killed from afar by a blizzard demon

Illustrated notes

Levels and vault maps discovered:
D:1:      minmay_arrival_five_plusses, layout_basic, serial_shops, shop,
          nicolae_shop_statue_plus, shop, nicolae_shop_hallway_stairs
D:2:      layout_rooms, basic_altar, kennysheep_pointless_box,
          minmay_misc_feat_diagonals
D:3:      layout_basic, mainiacjoe_overflow_six_doors_small, lemuel_tele_altar,
          mainiacjoe_overflow_alcove_1, minivault_4, lightli_corner_chamber
D:4:      minmay_inner_zag, layout_basic, serial_shops, nicolae_diamond_shop,
          uniq_grinder
D:5:      layout_loops_ring, minmay_temple_entry_large_hall,
          pf_guarded_unrand_woodcutter, uniq_menkaure
D:6:      layout_loops_ring, ashenzari_conservatory_becter, uniq_blork_the_orc
D:7:      layout_loops_ring, yredelemnul_forgotten_temple_becter, zin_purify,
          nicolae_ossuary_entry_monument, chequers_serial_rivers_small_b,
          dreamdust_wishing_well
D:8:      layout_layer_cave, gammafunk_temple_overflow_elements, serial_shops,
          nicolae_shop_statue_plus, billiards_dpeg
D:9:      layout_irregular_city, minmay_lair_entry_grove,
          hellmonk_guarded_unrand_lears
D:10:     layout_roguey, tgw_kikubaaqudgha, orc_0_dummy,
          ebering_ghost_inner_flame, serial_corexii_hall,
          corexii_hall_statues_x, corexii_hall_statues_x
D:11:     layout_roguey
D:12:     lemuel_vampire_tower, layout_basic, kennysheep_decorative_pillar,
          minmay_misc_feat_cross, nemelex_spade_bored_becter
D:13:     layout_loops_ring, nzn_wu_jian_council_hall, uniq_frances, uniq_azrael
D:14:     layout_long_grid, hangedman_vaults_entry_quadrant_bands,
          enter_trove_0, grunt_decor_arrowhead, uniq_louise
D:15:     hangedman_depths_entry_civil_slaughter, layout_irregular_city,
          minmay_misc_feat_enclosed, nicolae_dithmenos_through_a_glass_darkly
Lair:1:   layout_regular_city, cheibrodos_lair_caveside_slide,
          serial_bayou_crossing
Lair:2:   layout_cave_pods, palyth_hydra_swamp_entry,
          spider_nest_entry_web_field
Lair:3:   layout_loops_ring, beast_lair_carwin_9, grunt_megastairs_1,
          uniq_fannar, uniq_gastronok
Lair:4:   layout_loops_ring, nicolae_slime_entry_field_trip,
          infiniplex_staircase_pool_2, lemuel_fruit_tree
Lair:5:   grunt_lair_end_beastmaster, layout_gridlike, hellmonk_talismancer
Swamp:1:  nicolae_swamp_secret_spriggan_hideout, layout_falls_marsh,
          evilmike_swamp_ruin_house_6, uniq_jorgrun
Swamp:2:  layout_basic_swamp, nicolae_swamp_stair_fork, swamp_pool_1_2,
          hangedman_swamp_lotus
Swamp:3:  layout_basic_swamp, evilmike_swamp_ruin_house_4,
          infiniplex_staircase_pool
Swamp:4:  swamp_basic_johnstein, layout_basic_swamp,
          portal_ice_cave_entry_pillars_four
Spider:1: layout_cave_pods
Spider:2: layout_spider_delve, hive_lemuel
Spider:3: hangedman_creepy_crawlies, hangedman_stitches_earthworm
Spider:4: grunt_spider_rune_circles
Slime:1:  layout_caves
Slime:2:  layout_caves
Slime:3:  layout_caves
Slime:4:  layout_caves
Slime:5:  slime_pit_nicolae_block_by_block
Orc:1:    layout_caves
Orc:2:    pf_orc_diabolical, layout_caves, special_room, uniq_snorg
Elf:1:    minmay_elf_arrival_circle, layout_loops_cross, serial_shops,
          nicolae_shop_back_alley_shop
Elf:2:    elven_hall_of_blades_hangedman_original [mumra_blade_entry_dagger],
          layout_rooms, serial_shops, nicolae_shop_trees
Elf:3:    elf_hall, layout_rooms, serial_shops, shop, shop, shop,
          nicolae_shop_rolling_square, nicolae_elf_glassroom_feature
Vaults:1: nicolae_vaults_meeting, ontoclasm_vaults_tryst,
          nicolae_vaults_frosty_reception, nicolae_vaults_little_ls,
          nicolae_vaults_closet_pinwheel_2,
          vaults_standard_mumra_enter_the_diamond, vaults_dpeg_diagonal,
          layout_vaults_omnigrid, serial_shops, bzr_entry_gold
Vaults:2: portal_desolation_entry_nicolae_forbidding_blocks,
          hangedman_vaults_hat, ontoclasm_vaults_ring_small,
          nicolae_vaults_trapezoid_1, nicolae_vaults_wine_cellar,
          minmay_crypt_entry_simple_statues, nicolae_vaults_tetromino_Z_2,
          ontoclasm_vaults_hangar, vaults_mumra_hexcomb,
          serial_library_regret_index_headful, nicolae_vaults_sesquioval_fish,
          nicolae_vaults_two_Ls, nicolae_vaults_turnstiles,
          nicolae_vaults_more_shelving_2, nicolae_vaults_diamond_1,
          layout_vaults_omnibox, uniq_asterion
Vaults:3: nicolae_vaults_double_plus_3, nicolae_vaults_house_3,
          nicolae_vaults_six-pack, v_pattern_2, nicolae_vaults_tetromino_L_2,
          nicolae_vaults_more_shelving_1, nicolae_vaults_trapezoid_layered,
          nicolae_vaults_house_3, layout_vaults_big_cross, serial_shops,
          nicolae_shop_peninsula, shop_statue, nicolae_shop_peninsula,
          nicolae_shop_rolled_up
Vaults:4: nicolae_vaults_theta, vaults_dpeg_spiral, v_pattern_3, v_misc_13,
          nicolae_vaults_diamond_2, nicolae_vaults_offset_grid_hallway_3,
          v_misc_17, nicolae_vaults_network_barrier, lightli_church_of_beogh,
          nicolae_vaults_offset_grid_hallway_2, nicolae_vaults_alarming,
          nicolae_vaults_house_2, grunt_vaults_hallway_short,
          hangedman_vaults_river_flow, ontoclasm_vaults_pinch,
          dpeg_vaults_monster_row, layout_vaults_maze, serial_shops,
          nicolae_shop_industrial_runoff
Crypt:1:  layout_catacombs, grunt_ministairs_2, uniq_saint_roka, uniq_margery
Crypt:2:  minmay_guarded_unrand_majin_bo, layout_regular_city, basic_altar,
          grunt_ministairs_15, nicolae_crypt_skeletal_stairs
Crypt:3:  church_of_pain_bobbens, layout_chaotic_city, minmay_misc_feat_rows,
          palyth_stone_intersect, uniq_boris
Pan:      evilmike_mini_pan_doors_b, layout_small_grid, nicolae_pan_mnolegish_4,
          grunt_pan_sceptre, layout_basic, nicolae_pan_sigil_nadil,
          rand_demon_1, layout_gridville, grunt_pan_frozen_over, layout_gridlike

Skill      XL: |  1  2  3  4  5  6  7  8  9 10 11 12 13 14 15 16 17 18 19 20 21 22 |
---------------+-------------------------------------------------------------------+-----
Stealth        | 1 2 3 4 |  4.0
Fighting       | 2 3 4 5 7 8 9 10 11 13 14 15 | 15.5
Ranged Weapons | 4 5 6 7 9 10 12 13 15 16 18 19 20 | 20.0
Dodging        | 3 4 5 7 8 10 11 12 13 14 16 | 16.4
Shapeshifting  | 3 5 7 11 13 16 20 22 23 | 23.0
Armour         | 3 11 | 11.5
Shields        | 4 6 8 |  8.5

Action                     |  1- 3 |  4- 6 |  7- 9 | 10-12 | 13-15 | 16-18 | 19-21 | 22-24 || total
---------------------------+-------+-------+-------+-------+-------+-------+-------+-------++-------
  Melee: Hand cannon       |       |       |       |       |       |     3 |       |       ||     3
   Fire: Shortbow          |   162 |   190 |   638 |   731 |       |       |       |       ||  1721
         Arbalest          |       |       |       |   135 |  1311 |   490 |       |       ||  1936
         Longbow           |       |       |       |       |       |   987 |       |       ||   987
         Hand cannon       |       |       |       |       |       |   218 |  1693 |   206 ||  2117
  Throw: Throwing net      |       |       |       |     8 |       |       |       |       ||     8
Ability: Siphon Essence    |       |       |       |       |       |       |     1 |       ||     1
  Evoke: Wand              |       |       |       |     1 |     1 |       |       |       ||     2
    Use: Scroll            |       |     5 |     7 |     9 |    17 |    29 |    11 |     5 ||    83
         Potion            |       |       |       |       |     3 |     2 |    18 |       ||    23
 Armour: Leather armour    |    30 |    58 |    84 |       |       |       |       |       ||   172
         Steam dragon scal |       |       |    99 |   218 |   272 |   121 |       |       ||   710
         Ring mail         |       |       |       |       |       |   283 |   507 |    80 ||   870
  Dodge: Dodged            |    36 |    89 |   230 |   448 |   960 |  1173 |  1429 |   199 ||  4564
  Block: Buckler           |       |       |       |       |       |    72 |   783 |   104 ||   959
   Form: Death             |       |       |       |       |       |       |     1 |       ||     1
